 Dungeon Crawl Stone Soup version 0.20.1-1-g8b1a95d (webtiles) character file.

3430 Savaroth the Fighter (level 9, -8/124 HPs)
             Began as a Minotaur Berserker on Aug 4, 2017.
             Was a Priest of Trog.
             Mangled by a yak (13 damage)
             ... on level 7 of the Dungeon.
             The game lasted 00:15:41 (6479 turns).

Savaroth the Fighter (Minotaur Berserker)           Turns: 6479, Time: 00:15:42

Health: -8/124     AC:  8    Str: 26    XL:     9   Next: 76%
Magic:  8/8        EV: 16    Int:  4    God:    Trog [***...]
Gold:   340        SH:  0    Dex: 14    Spells: 8/8 levels left

rFire    . . .     SeeInvis .   P - +6 hand axe
rCold    . . .     Gourm    +   (no shield)
rNeg     . . .     Faith    .   e - +0 ring mail
rPois    .         Spirit   .   (helmet restricted)
rElec    .         Reflect  .   y - +0 cloak
rCorr    .         Harm     .   (no gloves)
MR       .....                  (no boots)
Stlth    ..........             u - amulet of the gourmand
Regen    0.3/turn               p - ring of flight
MPRegen  0.2/turn               (no ring)

@: berserking, very quick
A: retaliatory headbutt, horns 2
a: Berserk, Trog's Hand, Burn Spellbooks, Renounce Religion, Evoke Flight


You were on level 7 of the Dungeon.
You worshipped Trog.
Trog was most pleased with you.
You were very full.

You visited 1 branch of the dungeon, and saw 7 of its levels.
You also visited: Ossuary.

You collected 340 gold pieces.

Inventory:

Hand Weapons
 P - a +6 hand axe (weapon)
Armour
 b - a +0 animal skin
 e - a +0 ring mail (worn)
 y - a +0 cloak (worn)
Jewellery
 p - a ring of flight (left hand)
 u - an amulet of the gourmand (around neck)
 D - a cursed ring of loudness {unknown}
 H - an uncursed ring of fire {unknown}
Wands
 C - a wand of acid (6/15)
 E - a wand of polymorph (3/24)
 G - a wand of lightning (8/15)
 N - a wand of paralysis (14/24)
Scrolls
 d - 9 scrolls of identify
 f - a scroll of enchant armour {unknown}
 g - 2 scrolls of recharging {unknown}
 k - 3 scrolls of enchant weapon
 m - a scroll of noise {unknown}
 n - 6 scrolls of remove curse
 r - 2 scrolls of fog {unknown}
 v - 3 scrolls of amnesia {unknown}
 w - a scroll of magic mapping {unknown}
 x - 2 scrolls of random uselessness {unknown}
Potions
 l - 2 potions of invisibility {unknown}
 o - 2 potions of curing {unknown}
 t - 3 potions of brilliance {unknown}
 z - 2 potions of ambrosia {unknown}
 A - a potion of degeneration {unknown}
 B - a potion of haste {unknown}
 F - a potion of lignification {unknown}
 J - a potion of flight {unknown}
 K - a potion of mutation {unknown}
 L - 2 potions of might {unknown}
 M - a potion of agility {unknown}
 O - a potion of heal wounds {unknown}
Books
 Q - a book of Cantrips

   Spells                             Type                      Level
   a - Confusing Touch                Hexes                        1
   b - Animate Skeleton               Necromancy                   1
   c - Summon Small Mammal            Summoning                    1
   d - Apportation                    Translocation                1
   Trog disapproves of the use of such an item.
Comestibles
 c - 7 bread rations
 h - 3 fruits
 j - 3 royal jellies
 q - 3 meat rations


   Skills:
 + Level 9.2 Fighting
 + Level 9.2 Axes
 + Level 8.6 Armour
 + Level 7.8 Dodging


You had 8 spell levels left.
You didn't know any spells.

Dungeon Overview and Level Annotations

Branches:
Dungeon (7/15)             Temple (0/1) D:6

Altars:
Qazlal

Shops:
D:7 *


Innate Abilities, Weirdness & Mutations

You reflexively headbutt those who attack you in melee.
You have a pair of horns on your head.


Message History

You hit the yak but do no damage. You headbutt the yak, but do no damage.
The yak is almost dead.
You barely miss the yak. The yak gores you but does no damage.
The yak gores you.
You hit the yak.
The yak is almost dead.
You hit the yak but do no damage. The yak gores you.
* * * LOW HITPOINT WARNING * * *
The yak gores you.
* * * LOW HITPOINT WARNING * * *
You hit the yak but do no damage. Your headbutt misses the yak.
The yak is almost dead.
You hit the yak. The yak misses you. The yak gores you!
* * * LOW HITPOINT WARNING * * *
Unknown command.
A red film seems to cover your vision as you go berserk!
You feel yourself moving faster!
You feel mighty! The yak gores you.
* * * LOW HITPOINT WARNING * * *
The yak gores you!
You die...

#.### #..# #.......... #.#
#..# #.......... ###.# #..#
#......###. #...### #..#
#......###. ####..## #..#
.....##.... ##..####..###
..... ##... ##.........# ...
#... #..#....############
#### #..##....@Y..........
#..##....#Y..#...#...
#..###................ #..
#...##...#...#... ..#
#...#............
#..####...##################
..........# #..# ###...#†.
###.......###..# #....<.†.
####.....#...####....###†.


You could see 2 yaks.

Vanquished Creatures
  Pikel (D:5)
  A hippogriff (D:7)
  2 yaks (D:7)
  2 wraiths (Ossuary)
  Eustachio (D:5)
  Duvessa (D:6)
  An orc warrior (D:6)
  An ice beast (D:5)
  3 ogres (D:5)
  2 bullfrogs
  A gnoll sergeant (D:7)
  A scorpion (D:4)
  Dowan (D:6)
  6 killer bees (D:7)
  9 wights
  4 hounds
  A centaur skeleton (D:7)
  An orc priest (D:6)
  An iguana (D:5)
  4 orc wizards
  2 worker ants (D:5)
  A hound zombie (D:4)
  14 gnolls
  6 adders
  2 shadow imps
  An ooze (D:3)
  2 adder zombies
  3 worms
  5 orcs
  A ball python (D:5)
  5 giant cockroaches
  4 goblins (D:2)
  6 hobgoblins
  4 jackals (D:6)
  2 quokkas
  2 ball python skeletons (Ossuary)
  4 bats
  4 frilled lizards
  2 hobgoblin zombies (Ossuary)
  7 kobolds
  2 orc skeletons (Ossuary)
  2 rats (D:2)
125 creatures vanquished.

Vanquished Creatures (others)
  2 slaves (D:5)
  A worker ant (D:5)
3 creatures vanquished.

Grand Total: 128 creatures vanquished

Notes
Turn   | Place    | Note
-------+----------+-------------------------------------------
     0 | D:1      | Savaroth the Minotaur Berserker began the quest for the Orb.
     0 | D:1      | Reached XP level 1. HP: 19/19 MP: 0/0
   196 | D:1      | Reached XP level 2. HP: 26/27 MP: 1/1
   958 | D:2      | Reached XP level 3. HP: 30/33 MP: 2/2
  1219 | D:2      | Reached ** piety under Trog
  1369 | D:2      | Reached XP level 4. HP: 22/41 MP: 3/3
  1914 | D:3      | Reached XP level 5. HP: 47/47 MP: 4/4
  2279 | D:4      | Reached skill level 5 in Fighting
  2371 | D:4      | Found a stormy altar of Qazlal.
  2420 | D:4      | Reached skill level 5 in Axes
  2436 | D:4      | Reached XP level 6. HP: 56/56 MP: 5/5
  2868 | D:5      | Entered Level 5 of the Dungeon
  3065 | D:5      | Noticed Eustachio
  3078 | D:5      | Killed Eustachio
  3078 | D:5      | Reached XP level 7. HP: 44/62 MP: 6/6
  3079 | D:5      | Reached skill level 5 in Armour
  3262 | D:5      | Noticed Pikel
  3273 | D:5      | Killed Pikel
  3273 | D:5      | Reached skill level 5 in Dodging
  3273 | D:5      | Reached XP level 8. HP: 48/71 MP: 7/7
  4208 | D:6      | Noticed Dowan
  4210 | D:6      | Noticed Duvessa
  4215 | D:6      | Killed Dowan
  4218 | D:6      | Killed Duvessa
  4328 | D:6      | Found a sand-covered staircase.
  4339 | Ossuary  | Entered an ossuary
  4413 | Ossuary  | Reached *** piety under Trog
  4537 | Ossuary  | Noticed a flying skull
  4543 | Ossuary  | Noticed a flying skull
  4546 | Ossuary  | Noticed a flying skull
  4569 | Ossuary  | Noticed a flying skull
  4626 | Ossuary  | Reached XP level 9. HP: 32/81 MP: 8/8
  4907 | D:6      | Found a staircase to the Ecumenical Temple.
  5554 | D:7      | Found Ysaxafuq's General Store.
  6479 | D:7      | HP: 5/124 [yak (5)]
  6479 | D:7      | Mangled by a yak

Skill      XL: |  1  2  3  4  5  6  7  8  9 |
---------------+----------------------------+-----
Fighting       | 4 5 6 8 9 |  9.2
Armour         | 3 4 6 7 8 |  8.6
Axes           | 4 5 6 8 9 |  9.2
Dodging        | 3 4 5 6 7 |  7.8

Action                   |  1- 3 |  4- 6 |  7- 9 || total
-------------------------+-------+-------+-------++-------
Melee: Hand axe          |    69 |    10 |    21 ||   100
       Headbutt          |     7 |    12 |    44 ||    63
       War axe           |       |    69 |   164 ||   233
Invok: Berserk           |       |     1 |     4 ||     5
  Use: Scroll            |       |       |     4 ||     4
  Eat: Chunk             |     1 |     5 |    15 ||    21
       Bread ration      |       |       |     2 ||     2
Armor: Animal skin       |     1 |       |       ||     1
       Ring mail         |    21 |    24 |    60 ||   105
Dodge: Dodged            |    40 |    64 |   170 ||   274
